Map: Royal Blood LE

Players

vmgNarra

  • Race: Terran Terran
  • League: Grandmaster
  • Spawn Location: 7:00

EnigmA - Winner!

  • Race: Protoss Protoss
  • League: Grandmaster
  • Spawn Location: 1:00

VOD

Have the link to the VOD?

Description

Time

  • Played on: March 7, 2023, 11:32 a.m.
  • Length: 19:51
Show
View Real Time Build Order
Export as new Build Order

vmgNarra Terran 

Build Orders:  

Get SALT Encoding   

  12  0:00  SCV  
  13  0:12  SCV  
  14  0:16  Supply Depot  
  14  0:24  SCV  
  15  0:38  SCV  
  15  0:39  Barracks  
  16  0:43  Refinery  
  16  0:50  SCV  
  16  0:53  Refinery  
  17  1:02  SCV  
  18  1:14  SCV  
  19  1:28  Reaper  
  19  1:29  Orbital Command, Supply Depot  
  20  1:42  Factory  
  20  1:55  SCV  
  20  2:01  Reaper  
  22  2:07  SCV  
  23  2:19  SCV  
  24  2:23  Command Center  
  24  2:29  Hellion  
  26  2:34  SCV  
  27  2:38  Barracks Reactor  
  27  2:39  Supply Depot  
  27  2:46  SCV  
  27  2:50  Starport  
  28  2:54  Widow Mine  
  31  2:58  SCV  
  31  3:10  SCV  
  32  3:15  Widow Mine  
  34  3:20  Marine x2  
  34  3:22  SCV  
  37  3:29  Medivac  
  37  3:34  SCV  
  37  3:38  Orbital Command, Widow Mine  
  40  3:44  Bunker  
  40  3:46  SCV  
  41  3:51  Armory  
  41  3:59  SCV  
  41  4:00  Widow Mine  
  44  4:03  Medivac  
  44  4:04  SCV  
  47  4:10  Supply Depot  
  47  4:11  SCV  
  47  4:14  Marine x2  
  47  4:16  SCV  
  51  4:21  Factory Tech Lab  
  51  4:23  SCV  
  52  4:29  SCV  
  53  4:34  Starport Tech Lab  
  53  4:35  SCV  
  54  4:40  Supply Depot  
  54  4:41  Supply Depot, SCV  
  55  4:47  SCV  
  55  4:50  Siege Tank  
  59  4:53  Raven, Barracks  
  59  4:55  Barracks  
  59  4:57  SCV  
  59  4:59  SCV  
  61  5:02  Marine x2  
  63  5:09  SCV, Supply Depot  
  63  5:11  Refinery  
  63  5:12  Engineering Bay  
  63  5:23  SCV x2  
  63  5:24  Terran Vehicle Weapons Level 1  
  65  5:31  Supply Depot  
  65  5:35  Refinery, SCV x2  
  65  5:37  Starport Reactor  
  65  5:38  Terran Infantry Weapons Level 1  
  61  5:43  Supply Depot  
  61  5:47  SCV x2  
  61  5:48  Marine x2  
  65  5:53  Stimpack, Marine x2  
  67  6:01  Barracks, Combat Shield  
  67  6:04  Barracks  
  67  6:07  Factory Reactor  
  67  6:11  SCV x2, Supply Depot  
  69  6:13  Marauder x2  
  69  6:16  Marine x2  
  72  6:35  Marine x2, Bunker  
  72  6:36  Marauder x2  
  72  6:39  SCV  
  75  6:40  SCV  
  74  6:52  Barracks Reactor, Barracks Tech Lab  
  69  6:56  SCV x2  
  69  6:57  Marauder, Marine x2  
  69  6:58  Marauder, Medivac x2  
  69  7:01  Widow Mine x2  
  85  7:04  Supply Depot  
  87  7:18  Marauder  
  87  7:19  Barracks Tech Lab  
  87  7:20  Marauder  
  87  7:25  Marine x2  
  89  7:31  Supply Depot  
  89  7:37  Medivac x2, Marine x2  
  91  7:38  Marauder  
  91  7:40  Marauder  
  91  7:42  Marauder  
  91  7:43  Concussive Shells, Marine x2  
  103  7:45  Widow Mine x2  
  103  7:50  Terran Infantry Armor Level 1  
  107  7:55  Marine x2  
  107  7:56  Command Center  
  109  8:00  Marine  
  110  8:15  Engineering Bay  
  110  8:23  Marine  
  110  8:25  Supply Depot  
  110  8:27  Marine x3  
  110  8:28  Marauder x2  
  110  8:30  Widow Mine  
  117  8:41  Marine  
  117  8:43  Terran Infantry Weapons Level 2  
  117  8:46  Medivac, Marine x2  
  117  8:47  Widow Mine, Marauder  
  126  8:50  Marauder  
  126  8:51  Marauder  
  126  8:55  Marine  
  126  8:59  Marine  
  126  9:01  Medivac  
  122  9:04  Marine x2  
  122  9:08  Marauder  
  114  9:11  Marauder  
  114  9:12  Marauder  
  114  9:13  Marine  
  110  9:17  Marine  
  110  9:22  Marine x2  
  105  9:29  Marauder  
  105  9:30  Marine  
  108  9:31  Widow Mine  
  108  9:33  Marauder x2  
  108  9:34  Marine  
  109  9:39  Marine x2  
  109  9:41  Widow Mine  
  106  9:48  Marine  
  106  9:51  Marauder  
  106  9:52  Marine  
  101  9:54  Marauder  
  101  9:55  Marauder  
  101  9:56  Widow Mine  
  101  9:57  Marine x2  
  99  10:06  Marine  
  100  10:10  Marine  
  100  10:12  Marauder  
  103  10:15  Marauder, Barracks  
  103  10:16  Orbital Command, Marauder, SCV x2  
  103  10:18  Terran Infantry Armor Level 2, Barracks  
  103  10:19  Barracks  
  109  10:22  Medivac x2  
  113  10:33  Supply Depot  
  113  10:34  Terran Ship Weapons Level 1  
  113  10:37  Refinery  
  113  10:39  Refinery  
  113  10:50  Command Center  
  113  10:54  Medivac x2  
  113  10:55  Marine x2  
  113  10:56  Marauder, Marine  
  122  10:59  Supply Depot  
  122  11:03  Barracks Tech Lab  
  122  11:05  Barracks Tech Lab  
  122  11:06  Barracks Tech Lab  
  122  11:11  Ghost Academy  
  122  11:18  Marine  
  122  11:19  Marauder x3, Marine x3  
  122  11:25  Supply Depot  
  132  11:29  Missile Turret  
  132  11:30  Marine  
  132  11:31  Marauder x2  
  137  11:36  Marine, Starport  
  137  11:38  Factory Reactor  
  138  11:40  Marauder, Marine  
  138  11:45  Personal Cloaking  
  141  11:51  Viking  
  141  11:52  Viking  
  145  12:00  Supply Depot  
  145  12:11  SCV x3  
  141  12:34  Marauder x2, Marine x5  
  141  12:35  Viking x2, Marauder x3  
  144  12:55  Viking x2  
  144  12:57  Planetary Fortress  
  144  12:58  Missile Turret, Ghost  
  142  12:59  Marine  
  144  13:15  Viking x2, Ghost  
  144  13:19  Ghost  
  150  13:27  Ghost  
  150  13:28  Marine x2  
  150  13:29  Marine x3  
  150  13:33  SCV x3  
  150  13:34  SCV  
  161  13:45  SCV  
  161  13:47  Supply Depot  
  162  13:53  Terran Infantry Weapons Level 3  
  162  13:54  Terran Ship Weapons Level 2, Terran Infantry Armor Level 3  
  162  13:55  SCV x2  
  164  13:56  Marine  
  164  14:01  Missile Turret  
  165  14:09  Marine  
  158  14:10  Marauder x2, Marine  
  158  14:11  Supply Depot  
  158  14:13  Viking x3  
  149  14:22  Viking  
  150  14:32  Marine x2  
  150  14:33  Marauder x3, Marine x2  
  144  14:42  Marine  
  144  14:43  Viking, Marauder, Marine  
  130  14:48  Widow Mine  
  130  14:50  Marine x3  
  130  14:51  Marine  
  131  14:54  Marauder  
  131  14:55  Marauder  
  131  14:58  Marine  
  133  15:00  Marine  
  133  15:01  Marauder  
  133  15:04  Medivac x2, Marauder  
  133  15:06  SCV  
  133  15:07  SCV x2  
  134  15:08  Marine  
  124  15:16  Marauder, Marine x2  
  124  15:17  Marauder x2  
  120  15:21  Marine  
  120  15:22  Marauder, Marine  
  120  15:24  Medivac  
  120  15:25  Marine  
  120  15:26  Marine  
  121  15:37  Ghost  
  121  15:38  Ghost x2  
  121  15:39  Marine x2  
  121  15:40  Marine  
  128  15:54  Marine x2  
  128  15:55  Marauder x2  
  128  15:56  Marine  
  128  15:57  Marine  
  136  16:07  Missile Turret, Marauder  
  136  16:11  Widow Mine x2, Liberator  
  142  16:12  Liberator  
  142  16:13  Orbital Command  
  148  16:25  Command Center  
  146  16:29  Viking  
  146  16:30  Viking  
  150  16:43  Marine x2  
  150  16:44  Marauder x4, Marine  
  150  16:45  Marine  
  161  17:04  Marine x3  
  161  17:05  Marauder  
  166  17:16  Marauder, Marine x3  
  166  17:17  Marauder x2  
  166  17:22  Marine  
  149  17:33  Marauder, Marine x2  
  149  17:34  Marauder, Marine  
  149  17:35  Marauder  
  137  17:37  Marine  
  137  17:39  Marauder, Marine  
  137  17:40  Marine  
  129  17:51  Marine x2  
  124  17:52  Marine  
  124  17:55  Marauder  
  124  17:56  Marauder x3, Marine  
  124  17:57  Marine  
  132  18:01  Marauder  
  132  18:03  Viking x2  
  132  18:05  Medivac x2  
  136  18:06  Orbital Command  
  136  18:08  Marine  
  136  18:09  Marine, Command Center  
  136  18:10  Marine  
  139  18:15  Marauder, Marine  
  139  18:16  Marauder  
  139  18:17  Marauder x2  
  139  18:18  Marauder  
  150  18:21  Marine  
  150  18:25  Refinery  
  150  18:26  Refinery  
  151  18:27  Widow Mine x2  
  154  18:34  Orbital Command  
  154  18:35  Ghost  
  154  18:37  Viking, Marine, Ghost  
  154  18:38  Viking x2, Marauder  
  159  18:58  Ghost  
  159  18:59  Ghost  
  145  19:07  Viking x2  
  145  19:09  Marauder x2, Marine x2  
  155  19:13  Marine x2  
  155  19:14  Marauder x2  
  140  19:27  Marine x2  
  140  19:28  Marauder x2  
  140  19:30  Marine  
  140  19:31  Marine x2  
Show
View Real Time Build Order
Export as new Build Order

EnigmA Protoss - Winner!

Build Orders: 1 Gate Expand 

Get SALT Encoding   

  12  0:00  Probe  
  13  0:12  Probe  
  14  0:17  Pylon  
  14  0:24  Probe (Chrono Boost)  
  15  0:36  Probe (Chrono Boost)  
  15  0:38  Gateway  
  16  0:45  Probe (Chrono Boost)  
  16  0:46  Assimilator  
  17  0:51  Probe  
  18  1:03  Probe  
  19  1:15  Probe  
  20  1:26  Nexus  
  20  1:27  Probe  
  21  1:36  Cybernetics Core  
  21  1:41  Probe  
  22  1:48  Assimilator  
  22  1:53  Probe  
  22  2:01  Pylon  
  22  2:05  Probe  
  23  2:15  Probe, Shield Battery  
  23  2:17  Warp Gate  
  23  2:18  Sentry (Chrono Boost)  
  26  2:23  Probe  
  26  2:28  Shield Battery  
  27  2:33  Stalker  
  29  2:38  Probe (Chrono Boost)  
  29  2:42  Probe (Chrono Boost)  
  31  2:48  Probe (Chrono Boost)  
  33  2:52  Probe (Chrono Boost)  
  33  2:53  Probe (Chrono Boost)  
  34  3:02  Probe (Chrono Boost)  
  34  3:03  Stalker  
  34  3:04  Probe (Chrono Boost)  
  38  3:07  Gateway  
  38  3:16  Pylon  
  38  3:19  Probe (Chrono Boost)  
  40  3:20  Probe (Chrono Boost)  
  40  3:25  Probe (Chrono Boost)  
  40  3:26  Probe (Chrono Boost)  
  42  3:35  Twilight Council  
  42  3:36  Probe  
  42  3:38  Probe  
  44  3:45  Pylon  
  44  3:48  Probe  
  44  3:50  Probe  
  44  3:53  Assimilator  
  46  4:01  Probe  
  47  4:02  Pylon  
  47  4:03  Probe  
  47  4:06  Stalker  
  47  4:07  Nexus  
  47  4:09  Stalker  
  52  4:10  Blink (Chrono Boost)  
  52  4:21  Robotics Facility  
  52  4:24  Probe x2  
  52  4:30  Stalker  
  56  4:32  Stalker  
  56  4:36  Probe x2  
  60  4:43  Pylon  
  60  4:48  Probe  
  57  4:59  Probe  
  58  5:00  Stalker x2  
  58  5:01  Probe  
  63  5:10  Observer (Chrono Boost)  
  63  5:11  Probe  
  63  5:14  Probe (Chrono Boost)  
  64  5:23  Probe (Chrono Boost)  
  64  5:26  Stalker x2  
  64  5:28  Probe (Chrono Boost)  
  61  5:31  Probe (Chrono Boost)  
  61  5:33  Probe (Chrono Boost)  
  63  5:36  Probe (Chrono Boost)  
  63  5:37  Probe (Chrono Boost)  
  63  5:40  Probe  
  63  5:42  Observer  
  66  5:50  Gateway, Stalker x2  
  66  5:51  Gateway  
  66  5:52  Probe  
  66  5:53  Probe  
  66  5:55  Probe  
  73  5:59  Pylon  
  73  6:05  Probe x2  
  73  6:07  Charge  
  75  6:12  Probe  
  75  6:14  Stalker  
  75  6:15  Robotics Bay  
  75  6:17  Probe  
  79  6:25  Stalker  
  81  6:30  Probe  
  82  6:37  Stalker  
  78  6:53  Stalker x3  
  80  6:57  Probe  
  80  7:00  Probe x2  
  81  7:03  Gateway  
  81  7:04  Gateway  
  81  7:05  Gateway x2  
  81  7:07  Observer  
  81  7:08  Pylon  
  81  7:09  Probe  
  81  7:11  Colossus (Chrono Boost)  
  88  7:20  Forge  
  86  7:29  Probe  
  87  7:32  Extended Thermal Lance  
  85  7:37  Stalker x3  
  85  7:39  Probe x2  
  85  7:40  Assimilator  
  85  7:41  Assimilator, Probe  
  85  7:42  Pylon  
  94  7:45  Pylon  
  94  7:51  Probe  
  94  7:52  Probe  
  94  7:54  Pylon  
  94  7:56  Protoss Ground Weapons Level 1 (Chrono Boost)  
  96  7:58  Zealot  
  96  7:59  Zealot x2  
  96  8:04  Nexus  
  102  8:06  Probe  
  102  8:17  Colossus (Chrono Boost)  
  100  8:20  Zealot x3  
  108  8:33  Zealot x5  
  116  8:41  Probe x3  
  118  8:44  Sentry x2  
  118  8:45  Stalker  
  123  8:53  Probe  
  123  8:54  Zealot x5  
  94  9:10  Zealot x3  
  92  9:18  Stalker  
  92  9:19  Stalker x2  
  96  9:24  Zealot x2  
  96  9:29  Colossus (Chrono Boost)  
  96  9:30  Probe x2  
  104  9:45  Zealot x3  
  94  9:47  Zealot x5, Probe  
  86  10:07  Stalker x4, Protoss Ground Weapons Level 2 (Chrono Boost)  
  80  10:08  Stalker x4  
  80  10:13  Pylon  
  92  10:15  Pylon  
  92  10:16  Observer (Chrono Boost)  
  93  10:27  Colossus (Chrono Boost)  
  93  10:29  Pylon  
  93  10:30  Nexus  
  99  10:36  Sentry x2  
  99  10:41  Zealot x3  
  109  10:52  Pylon  
  109  10:56  Probe  
  109  10:57  Probe x2  
  112  11:03  Stalker, Sentry  
  112  11:04  Sentry  
  118  11:05  Stalker x2  
  118  11:06  Stalker x2  
  118  11:08  Probe  
  118  11:09  Observer (Chrono Boost)  
  118  11:10  Probe  
  129  11:12  Forge  
  129  11:13  Probe  
  129  11:18  Shield Battery  
  130  11:19  Shield Battery  
  130  11:23  Robotics Facility  
  130  11:26  Observer (Chrono Boost)  
  130  11:29  Probe x2  
  133  11:33  Zealot x3  
  133  11:35  Probe  
  140  11:45  Protoss Ground Armor Level 1 (Chrono Boost)  
  140  11:46  Zealot x5  
  149  11:53  Stalker  
  151  12:02  Stalker x2  
  151  12:07  Colossus  
  151  12:08  Zealot x2  
  163  12:12  Pylon  
  163  12:13  Pylon  
  149  12:24  Zealot x3  
  149  12:25  Zealot  
  143  12:36  Zealot x3  
  127  12:43  Pylon  
  127  12:44  Pylon, Observer  
  119  12:46  Zealot  
  119  12:47  Zealot x7  
  126  12:52  Probe x2  
  127  13:01  Observer  
  120  13:14  Stalker x5  
  120  13:18  Pylon  
  120  13:19  Photon Cannon  
  130  13:21  Pylon  
  130  13:31  Immortal x2  
  138  13:39  Probe, Shield Battery  
  138  13:40  Probe x2, Shield Battery  
  142  13:49  Protoss Ground Weapons Level 3 (Chrono Boost)  
  144  13:58  Zealot x2  
  144  13:59  Zealot x3  
  149  14:16  Sentry x2  
  133  14:18  Immortal x2  
  133  14:21  Protoss Ground Armor Level 2 (Chrono Boost)  
  133  14:22  Templar Archives  
  133  14:23  Zealot  
  93  14:50  Zealot x6  
  93  14:51  Zealot x2  
  97  14:55  Zealot x2  
  97  14:56  Zealot x3  
  91  15:01  Colossus (Chrono Boost)  
  99  15:07  High Templar x2, Colossus (Chrono Boost)  
  95  15:15  Archon  
  95  15:18  Nexus  
  95  15:20  Zealot x5  
  93  15:35  Probe  
  94  15:38  Sentry  
  94  15:40  Probe, High Templar x2  
  94  15:41  Probe  
  102  15:43  Probe  
  102  15:47  Archon, Probe  
  110  15:51  Colossus (Chrono Boost)  
  110  15:53  Stalker  
  110  15:54  Stalker  
  110  15:55  Immortal (Chrono Boost)  
  118  16:01  Pylon  
  118  16:06  Stalker x2, Sentry  
  118  16:11  Assimilator, Probe x2  
  126  16:12  Assimilator  
  126  16:16  Probe  
  127  16:20  Sentry, Zealot  
  127  16:21  Zealot  
  133  16:28  Disruptor (Chrono Boost), Observer  
  135  16:35  Stalker, Zealot x2  
  141  16:40  Pylon  
  140  16:47  Zealot x2  
  140  16:48  Disruptor (Chrono Boost)  
  147  16:54  Probe x2  
  147  16:56  Zealot x4  
  157  17:08  High Templar  
  158  17:09  High Templar  
  158  17:14  Archon  
  154  17:27  Zealot x2  
  154  17:28  Nexus, Zealot x4  
  111  17:51  Stalker x6  
  111  17:52  Stalker  
  123  18:05  Nexus  
  121  18:06  Pylon, Colossus (Chrono Boost)  
  127  18:15  High Templar  
  127  18:16  High Templar, Observer  
  131  18:20  Archon  
  131  18:21  Probe x2  
  131  18:22  Probe  
  131  18:23  Pylon  
  134  18:34  Stalker x2  
  134  18:35  Zealot x2  
  141  18:51  Observer  
  142  18:58  Zealot x7  
  151  19:03  Stalker  
  151  19:04  Probe x2  
  155  19:11  Photon Cannon  
  137  19:25  Zealot x5  
  137  19:26  Zealot  
  127  19:49  Stalker x4  
  127  19:50  Zealot x4  
Tags
 
Add a new tag
Caveats
  • Supply blocks, unpowered buildings, or Contaminate may cause inaccurate times.
  • Supply counts are checked every 10 seconds.